 Dungeon Sprint DCSS version 0.20-a0-299-gec7c366 (webtiles) character file.

947 XO4YCPATb the Warrior (level 8, -13/60 HPs)
             Began as a Formicid Hunter on Dec 15, 2016.
             Was a Believer of Okawaru.
             Mangled by a two-headed ogre
             ... wielding a +0 giant spiked club
              (25 damage)
             ... in the Dungeon (Sprint IX: "|||||||||||||||||||||||||||||").
             The game lasted 00:03:22 (634 turns).

XO4YCPATb the Warrior (Formicid Hunter)              Turns: 634, Time: 00:03:22

Health: -13/60     AC: 17    Str: 20    XL:     8   Next: 35%
Magic:  11/16      EV: 10    Int: 10    God:    Okawaru [**....]
Gold:   0          SH:  0    Dex: 11    Spells: 7/7 levels left

rFire  . . .     SeeInvis +     q - +2 morningstar (crush)
rCold  . . .     Gourm    .     t - +1 chain mail
rNeg   . . .     Faith    .     (no shield)
rPois  .         Spirit   .     (helmet unavailable)
rElec  .         Reflect  .     s - +0 cloak
rCorr  .         Harm     .     (no gloves)
MR     .....                    (no boots)
Stlth  ..........               (no amulet)
                                v - +2 ring of protection
                                u - +2 ring of protection

@: no status effects
A: permanent stasis, dig shafts and tunnels, four strong arms, antennae 3
a: Dig, Heroism, Renounce Religion


You were in the Dungeon.
You worshipped Okawaru.
Okawaru was pleased with you.
You were not hungry.

You visited 1 branch

Inventory:

Hand Weapons
 a - a +1 hand crossbow
 q - a +2 morningstar of crushing (weapon)
Missiles
 d - 3 bolts
Armour
 s - a +0 cloak (worn)
 t - a +1 chain mail (worn)
Jewellery
 u - a +2 ring of protection (left hand)
 v - a +2 ring of protection (right hand)
Wands
 p - a wand of lightning (3/15)
Scrolls
 n - 3 scrolls of remove curse
 o - 2 scrolls of amnesia
Potions
 e - 3 potions of curing
 i - 4 potions of magic
 l - a potion of invisibility
Comestibles
 b - 2 chunks of flesh
 f - a bread ration


   Skills:
 - Level 4.0 Fighting
 + Level 6.2 Maces & Flails
 + Level 8.4 Crossbows
 + Level 7.9 Armour
 + Level 7.0 Dodging
 - Level 1.2 Stealth
 * Level 11.0 Invocations


You had 7 spell levels left.
You didn't know any spells.

Dungeon Overview and Level Annotations

Branches:
Dungeon (1/1)

Altars:
Cheibriados
Dithmenos
Elyvilon
Fedhas
Gozag
Hepliaklqana
Kikubaaqudgha
Makhleb
Nemelex Xobeh
Okawaru
Qazlal
Ru
Sif Muna
Trog
Uskayaw
Vehumet
Xom
Yredelemnul
Zin
The Shining One
Beogh
Jiyva
Lugonu


Innate Abilities, Weirdness & Mutations

You cannot be hasted, slowed, berserked, paralysed or teleported.
You can dig through walls and to a lower floor.
Your four strong arms can wield two-handed weapons with a shield.
You have a pair of large antennae on your head. (SInv)


Message History

You have reached level 8!
You feel stronger.
The bolt of lightning misses the two-headed ogre.
The bolt of lightning hits the ogre.
The ogre is moderately wounded.
This wand has 4 charges left.
Unknown command.
You feel better. The two-headed ogre barely misses you.
The two-headed ogre hits you with a dire flail.
* * * LOW HITPOINT WARNING * * *
Evoke which item? (* to show all) (? for menu, Esc to quit)
Zapping:
p - a wand of lightning (4/15)
Press: ? - help, Shift-Dir - straight line, f - two-headed ogre
Aim: a two-headed ogre, wielding a giant spiked club and a dire flail (lightly wounded)
You hear a mighty clap of thunder!
The bolt of lightning hits the two-headed ogre.
The two-headed ogre is moderately wounded.
The bolt of lightning misses the ogre.
This wand has 3 charges left.
The two-headed ogre hits you with a giant spiked club!!
You die...

{
▓.▓
▓)▓
▓'▓
▓.▓
▓.▓
▓.▓
▓.▓
▓.▓
▓@▓
▓O▓
▓O▓
▓(▓
▓)▓
▓.▓
▓.▓
▓.▓


You could see a two-headed ogre and an ogre.

Vanquished Creatures
  An ugly thing (D)
  A troll (D)
  A wyvern (D)
  A scorpion (D)
  A quasit (D)
  An orc wizard (D)
  A worker ant (D)
  2 adders (D)
  An adder zombie (D)
  2 leopard geckos (D)
  2 orcs (D)
  A bat skeleton (D)
  A bat zombie (D)
  3 hobgoblins (D)
  A bat (D)
20 creatures vanquished.

Notes
Turn   | Place    | Note
-------+----------+-------------------------------------------
     0 | D        | XO4YCPATb the Formicid Hunter began the quest for the Orb.
     0 | D        | Reached XP level 1. HP: 16/16 MP: 1/1
     4 | D        | Reached skill level 1 in Armour
    11 | D        | Reached XP level 2. HP: 23/23 MP: 2/2
    36 | D        | Reached skill level 1 in Maces & Flails
    36 | D        | Reached XP level 3. HP: 30/30 MP: 3/3
    40 | D        | Reached skill level 5 in Crossbows
    51 | D        | Reached XP level 4. HP: 11/37 MP: 4/4
   273 | D        | Found a roughly hewn altar of Beogh.
   273 | D        | Found a snail-covered altar of Cheibriados.
   273 | D        | Found a shadowy altar of Dithmenos.
   273 | D        | Found a white marble altar of Elyvilon.
   273 | D        | Found a blossoming altar of Fedhas.
   273 | D        | Found an opulent altar of Gozag.
   274 | D        | Found a hazy altar of Hepliaklqana.
   275 | D        | Found a viscous altar of Jiyva.
   276 | D        | Found an ancient bone altar of Kikubaaqudgha.
   277 | D        | Found a corrupted altar of Lugonu.
   278 | D        | Found a burning altar of Makhleb.
   279 | D        | Found a sparkling altar of Nemelex Xobeh.
   280 | D        | Found an iron altar of Okawaru.
   281 | D        | Found a stormy altar of Qazlal.
   282 | D        | Found a sacrificial altar of Ru.
   283 | D        | Found a deep blue altar of Sif Muna.
   284 | D        | Found a bloodstained altar of Trog.
   285 | D        | Found a hide-covered altar of Uskayaw.
   286 | D        | Found a radiant altar of Vehumet.
   287 | D        | Found a shimmering altar of Xom.
   368 | D        | Became a worshipper of Warmaster Okawaru
   369 | D        | Found a basalt altar of Yredelemnul.
   370 | D        | Found a glowing silver altar of Zin.
   371 | D        | Found a glowing golden altar of the Shining One.
   427 | D        | Reached skill level 1 in Invocations
   432 | D        | Reached skill level 4 in Invocations
   432 | D        | Reached XP level 5. HP: 39/42 MP: 4/8
   434 | D        | Reached skill level 5 in Invocations
   453 | D        | Reached skill level 5 in Armour
   604 | D        | Noticed a troll
   604 | D        | Noticed a purple ugly thing
   604 | D        | Noticed a wyvern
   604 | D        | Noticed an ogre
   604 | D        | Noticed a two-headed ogre
   619 | D        | Killed a wyvern
   619 | D        | Reached * piety under Okawaru
   619 | D        | Reached skill level 5 in Dodging
   619 | D        | Reached skill level 7 in Invocations
   619 | D        | Reached XP level 6. HP: 26/48 MP: 9/11
   627 | D        | Killed a troll
   627 | D        | Reached skill level 5 in Maces & Flails
   627 | D        | Reached skill level 9 in Invocations
   627 | D        | Reached XP level 7. HP: 5/54 MP: 10/14
   632 | D        | Killed a purple ugly thing
   632 | D        | Reached ** piety under Okawaru
   632 | D        | Reached skill level 11 in Invocations
   632 | D        | Reached XP level 8. HP: 7/60 MP: 10/16
   634 | D        | Mangled by a two-headed ogre

Vault maps used:
D:        linesprint

Skill      XL: |  1  2  3  4  5  6  7 |
---------------+----------------------+-----
Armour         | 1 2 3 4 6 7 |  7.9
Dodging        | 2 3 4 5 6 7 |  7.0
Fighting       | 3 4 |  4.0
Maces & Flails | 1 2 4 5 6 |  6.2
Crossbows      | 5 7 8 |  8.4
Invocations    | 4 7 9 11 | 11.0
Stealth        | |  1.2

Action                   |  1- 3 |  4- 6 |  7- 9 || total
-------------------------+-------+-------+-------++-------
Melee: Short sword       |     3 |       |       ||     3
       Morningstar       |       |    13 |     3 ||    16
 Fire: Hand crossbow     |    23 |    32 |       ||    55
Evoke: Wand              |       |       |     4 ||     4
  Use: Potion            |       |     4 |     1 ||     5
Armor: Leather armour    |     2 |       |       ||     2
       Chain mail        |       |    79 |     3 ||    82
Dodge: Dodged            |    15 |    62 |     2 ||    79
